 Dungeon Crawl Stone Soup version 0.19.3-1-g3169bf9 (webtiles) character file.

137 Alarkh the Chopper (level 5, 41/41 HPs)
             Began as a Demonspawn Monk on Jan 26, 2017.
             Got out of the dungeon alive.
             The game lasted 00:02:50 (2091 turns).

Alarkh the Chopper (Demonspawn Monk)                Turns: 2091, Time: 00:02:51

Health: 41/41      AC: 16    Str: 12    XL:     5   Next: 0%
Magic:  5/5        EV:  6    Int: 12    God:
Gold:   78         SH:  0    Dex: 15    Spells: 0 memorised, 4 levels left

rFire  + . .     SeeInvis .     a - +0 hand axe
rCold  + + .     Gourm    .     t - +2 chain mail {rC+}
rNeg   . . .     Faith    .     (no shield)
rPois  .         Spirit   .     (no helmet)
rElec  .         Reflect  .     (no cloak)
rCorr  .         Harm     .     g - +0 pair of gloves
MR     .....                    q - +2 pair of boots
Stlth  ..........               r - amulet of regeneration
                                h - ring of stealth
                                i - ring of protection from fire

@: no status effects
A: talons 1, yellow scales 1, cold resistance 1
a: no special abilities


You escaped.
You were not hungry.

You visited 1 branch of the dungeon, and saw 3 of its levels.

You collected 78 gold pieces.

Inventory:

Hand Weapons
 a - a +0 hand axe (weapon)
Armour
 b - a +0 robe
 g - a +0 pair of gloves (worn)
 q - a +2 pair of boots (worn)
 t - a +2 chain mail of cold resistance (worn)
 v - a +0 pair of boots
Jewellery
 h - a ring of stealth (right hand)
 i - a ring of protection from fire (left hand)
 n - an uncursed amulet of guardian spirit
 r - an amulet of regeneration (around neck)
Scrolls
 d - a scroll of remove curse {unknown}
 e - a scroll of identify
 f - a scroll of enchant weapon {unknown}
 j - a scroll of noise
 k - a scroll of random uselessness {unknown}
 o - a scroll of immolation {unknown}
 u - a scroll of recharging {unknown}
Potions
 l - 2 potions of brilliance
 m - a potion of ambrosia
 p - 2 potions of curing {unknown}
Comestibles
 c - 3 bread rations
 s - a chunk of flesh


   Skills:
 - Level 3.0 Fighting
 + Level 5.2 Axes
 - Level 2.6 Dodging
 - Level 1.7 Stealth


You had 4 spell levels left.
You didn't know any spells.

Dungeon Overview and Level Annotations

Branches:
Dungeon (3/15)

Altars:


Innate Abilities, Weirdness & Mutations

You have sharp toenails.
You are partially covered in yellow scales. (AC +2)
Your flesh is cold resistant. (rC+)


Message History

a club; an orc skeleton
There is a stone staircase leading up, spattered with blood here.
You climb upwards.
There is a stone staircase leading down here.
(D) Dungeon
Where to? (Enter - D:2, ? - help)
You see here a short sword.
There is a stone staircase leading up here.
You climb upwards.
There is a stone staircase leading down here.
Some of the chunks of flesh in your inventory have rotted away.
Some of the chunks of flesh in your inventory have rotted away.
There is an open door here.
You see here a stone.
You see here a stone.
There is an open door here.
You see here a stone.
There is a staircase leading out of the dungeon here.
Are you sure you want to leave the Dungeon?
This will make you lose the game!
You have escaped!

...........##.########.##.#.##
.........#....#.#.......#.#.#####
.......##...#.#.##.##'#...#....#.
......#.#...#.#....##.###.####.#.
....##.#....#.####.#((.##.)......
...#.##.......##.###.(.##....#.#.
..#.#.#.......#[..#(((((#......#.
..##.#........#..(#.((.(#..#.###.
...##.........#.@('(.8((#..#.###.
....#.........#...#(.(..#..#.....
....#.........#...#(.(((#..#.####
...##.........##.###(..##..#.#
..##.#.....####### #...#..####
..#.#.#....# ##.##.##
...#.##....# #+#..# ....##.#...#
#...## ......#.#..# #####


There were no monsters in sight!

Vanquished Creatures
  An orc priest (D:3)
  An adder (D:3)
  An ooze (D:1)
  An adder zombie (D:3)
  3 dart slugs (D:1)
  3 leopard geckos
  9 orcs
  2 bats (D:1)
  3 giant cockroaches
  8 goblins
  11 hobgoblins
  8 jackals
  4 frilled lizards
  7 kobolds
  7 rats
69 creatures vanquished.

Notes
Turn   | Place    | Note
-------+----------+-------------------------------------------
     0 | D:1      | Alarkh the Demonspawn Monk began the quest for the Orb.
     0 | D:1      | Reached XP level 1. HP: 18/18 MP: 1/1
   143 | D:1      | Reached skill level 3 in Axes
   201 | D:1      | Gained mutation: You are partially covered in yellow scales. (AC +2) [demonic ancestry]
   201 | D:1      | Reached XP level 2. HP: 21/24 MP: 2/2
   450 | D:1      | Reached XP level 3. HP: 28/29 MP: 3/3
   717 | D:1      | Reached skill level 4 in Axes
  1752 | D:3      | Gained mutation: You have sharp toenails. [demonic ancestry]
  1752 | D:3      | Reached XP level 4. HP: 34/35 MP: 4/4
  1851 | D:3      | Reached skill level 5 in Axes
  1978 | D:3      | Gained mutation: Your flesh is cold resistant. (rC+) [demonic ancestry]
  1978 | D:3      | Reached XP level 5. HP: 39/41 MP: 5/5
  2091 | D:$      | Got out of the dungeon alive.

Skill      XL: |  1  2  3  4 |
---------------+-------------+-----
Axes           | 3 4 5 |  5.2
Fighting       | |  3.0
Dodging        | |  2.6
Stealth        | |  1.7

Action                   |  1- 3 |  4- 6 || total
-------------------------+-------+-------++-------
Melee: Hand axe          |   190 |    79 ||   269
  Use: Scroll            |     3 |       ||     3
 Stab: Sleeping          |     6 |       ||     6
       Distracted        |     1 |       ||     1
  Eat: Chunk             |     2 |     2 ||     4
Armor: Robe              |    54 |     1 ||    55
       Chain mail        |       |    37 ||    37
Dodge: Dodged            |   114 |    29 ||   143
